 Dungeon Crawl Stone Soup version 0.31.0-9-g3a7656b989 (webtiles) character file.

Game seed: 13703078475959445386

1706751 bobo the Conqueror (level 27, 327/327 HPs)
             Began as a Hill Orc Monk on Jan 22, 2024.
             Was the Champion of Nemelex Xobeh.
             Escaped with the Orb
             ... and 3 runes on Jan 25, 2024!
             The game lasted 05:19:28 (72609 turns).

bobo the Conqueror (Hill Orc Monk)                 Turns: 72609, Time: 05:19:29

Health: 327/327    AC: 47    Str: 34    XL:     27
Magic:  36/36      EV: 16    Int: 10    God:    Nemelex Xobeh [******]
Gold:   3428       SH: 27    Dex: 17    Spells: 24/31 levels left

rFire   + + .        P - +9 broad axe (flame)
rCold   . . .        k - +4 tower shield
rNeg    . . .        W - +4 gold dragon scales
rPois   +            j - +1 helmet {SInv}
rElec   .            n - +2 cloak {rCorr}
rCorr   +            N - +2 pair of gloves
SInv    +            q - +2 pair of boots {rampage}
Will    +++..        B - amulet of regeneration Stlth
                     O - ring "Raogich" {Fire Will+ Str+6}
HPRegen 1.54/turn    I - ring of Jausau {Fly rCorr AC+4 Dex+4}
MPRegen 0.25/turn

%: rampage
@: flying, studying Necromancy
A: low MP 1, robust 2, screaming 2, wild magic 1, no potion heal 1
0: Orb of Zot
}: 3/15 runes: decaying, serpentine, silver
a: Renounce Religion, Draw Escape, Draw Destruction, Draw Summoning, Draw Stack,
Triple Draw, Deal Four, Stack Five


You escaped.
You worshipped Nemelex Xobeh.
Nemelex Xobeh was exalted by your worship.
You visited 12 branches of the dungeon, and saw 56 of its levels.
You visited 1 bazaar.
You also visited: Sewer, Bailey, Ice Cave, Volcano and Desolation.

You collected 7185 gold pieces.
You spent 3757 gold pieces at shops.

Inventory:

Hand Weapons
 P - a +9 broad axe of flaming (weapon)
 Q - a +6 antimagic broad axe
Armour
 j - a +1 helmet of see invisible (worn)
 k - a +4 tower shield (worn)
 n - a +2 cloak of preservation (worn)
 q - a +2 pair of boots of rampaging (worn)
 N - a +2 pair of gloves (worn)
 W - +4 gold dragon scales (worn)
Jewellery
 v - the amulet of Beogh's Reproof {Reflect rF- Str+5 Int+6 SH+5}
   (You found it in the Desolation of Salt)

   [amulet of reflection]

   Reflect:   It reflects blocked missile attacks.
   Str+5:     It affects your strength (+5).
   Int+6:     It affects your intelligence (+6).
   rF-:       It makes you vulnerable to fire.
   SH+5:      It affects your SH (+5).
 B - an amulet of regeneration (around neck)
 I - the ring of Jausau (right hand) {Fly rCorr AC+4 Dex+4}
   (You found it on level 2 of the Realm of Zot)

   [ring of protection]

   AC+4:      It affects your AC (+4).
   Dex+4:     It affects your dexterity (+4).
   Fly:       It grants you flight.
   rCorr:     It protects you from acid and corrosion.
 O - the ring "Raogich" (left hand) {Fire Will+ Str+6}
   (You took it off a ragged hierophant in the Desolation of Salt)

   [ring of fire]

   Fire:      It enhances your fire magic.
   Str+6:     It affects your strength (+6).
   rF+:       It protects you from fire.
   rC-:       It makes you vulnerable to cold.
   Will+:     It increases your willpower.
 R - the ring of Howik {+Blink Fly rC++ Will+ Int-5}
   (You bought it in a shop on level 2 of the Orcish Mines)

   [ring of flight]

   Int-5:     It affects your intelligence (-5).
   rC++:      It greatly protects you from cold.
   Will+:     It increases your willpower.
   Fly:       It grants you flight.
   +Blink:    It lets you blink.
Wands
 t - a wand of mindburst (54)
 w - a wand of charming (50)
 H - a wand of light (38)
 M - a wand of polymorph (11)
 T - a wand of digging (19)
 V - a wand of flame (103) (quivered)
 Y - a wand of iceblast (58)
Scrolls
 h - 8 scrolls of blinking
 p - 9 scrolls of revelation
 r - 9 scrolls of fear
 s - a scroll of silence
 x - 30 scrolls of teleportation
 A - 11 scrolls of amnesia
 C - 4 scrolls of poison
 D - 2 scrolls of butterflies
 E - 7 scrolls of fog
 X - 2 scrolls of brand weapon
Potions
 b - 11 potions of enlightenment
 c - 11 potions of ambrosia
 e - 9 potions of heal wounds
 f - 3 potions of magic
 g - 4 potions of cancellation
 i - 25 potions of curing
 m - a potion of might
 o - 2 potions of haste
 u - 5 potions of berserk rage
 J - 9 potions of brilliance
 U - 5 potions of invisibility
Miscellaneous
 a - a condenser vane
 d - a lightning rod (4/4)
 y - a sack of spiders
 z - the horn of Geryon
 K - a phantom mirror
 S - a phial of floods


   Skills:
 O Level 27 Fighting
 + Level 24.6 Axes
 + Level 22.3 Armour
 + Level 18.1 Dodging
 + Level 22.0 Shields
 - Level 2.8 Spellcasting
 - Level 3.1 Translocations
 + Level 26.6 Invocations
 + Level 21.0 Evocations


You had 24 spell levels left.
You knew the following spells:

 Your Spells              Type           Power      Damage    Failure   Level
a - Lesser Beckoning      Tloc           20%        N/A       77%         2
b - Apportation           Tloc           20%        N/A       63%         1
x - Manifold Assault      Tloc           10%        N/A       100%        4

Your spell library contained the following spells:

 Spells                   Type           Power      Damage    Failure   Level
 Gell's Gravitas          Tloc           10%        N/A       93%         3
 Teleport Other           Tloc           10%        N/A       93%         3
 Foxfire                  Conj/Fire      8%         2x1d4     96%         1
 Kiss of Death            Conj/Necr      4%         2d5       96%         1
 Magic Dart               Conj           4%         1d3       96%         1
 Necrotise                Necr           4%         1d4       96%         1
 Sandblast                Erth           2%         2d4       96%         1
 Shock                    Conj/Air       4%         1d3       96%         1
 Sting                    Conj/Alch      4%         1d3       96%         1
 Summon Small Mammal      Summ           4%         N/A       96%         1
 Call Imp                 Summ           2%         N/A       99%         2
 Cigotuvi's Dreadful Rot  Necr/Alch/Air  2%         N/A       99%         2
 Ensorcelled Hibernation  Hex/Ice        2%         N/A       99%         2
 Mercury Vapours          Alch/Air       2%         N/A       99%         2
 Scorch                   Fire           4%         2d5       99%         2
 Searing Ray              Conj           2%         2d4       99%         2
 Static Discharge         Conj/Air       2%         3-4/arc   99%         2
 Volatile Blastmotes      Fire/Tloc      16%        2d11      99%         3
 Call Canine Familiar     Summ           1%         N/A       100%        3
 Confusing Touch          Hex            1%         N/A       100%        3
 Fugue of the Fallen      Necr           1%         N/A       100%        3
 Hailstorm                Conj/Ice       1%         3d5       100%        3
 Mephitic Cloud           Conj/Alch/Air  1%         N/A       100%        3
 Ozocubu's Armour         Ice            1%         N/A       100%        3
 Passwall                 Erth           1%         N/A       100%        3
 Sigil of Binding         Hex            1%         N/A       100%        3
 Stone Arrow              Conj/Erth      2%         3d7       100%        3
 Summon Ice Beast         Ice/Summ       1%         N/A       100%        3
 Swiftness                Air            1%         N/A       100%        3
 Tukima's Dance           Hex            1%         N/A       100%        3
 Vampiric Draining        Necr           1%         2d6       100%        3
 Airstrike                Air            0%         2d(1-17)  100%        4
 Anguish                  Hex/Necr       0%         N/A       100%        4
 Brom's Barrelling Bould  Conj/Erth      1%         2d3       100%        4
 Cause Fear               Hex            0%         N/A       100%        4
 Dimensional Bullseye     Hex/Tloc       2%         N/A       100%        4
 Dispel Undead            Necr           1%         3d6       100%        4
 Flame Wave               Conj/Fire      2%         2d4       100%        4
 Fulminant Prism          Conj/Alch      0%         3d5       100%        4
 Ignite Poison            Fire/Alch      2%         N/A       100%        4
 Iskenderun's Mystic Bla  Conj/Tloc      5%         2d3       100%        4
 Leda's Liquefaction      Alch/Erth      0%         N/A       100%        4
 Martyr's Knell           Necr/Summ      1%         N/A       100%        4
 Passage of Golubria      Tloc           10%        N/A       100%        4
 Sticky Flame             Fire/Alch      2%         2d4       100%        4
 Summon Lightning Spire   Summ/Air       1%         N/A       100%        4
 Vhi's Electric Charge    Tloc/Air       10%        N/A       100%        4
 Alistair's Intoxication  Alch           0%         N/A       100%        5
 Arcjolt                  Conj/Air       0%         1d10      100%        5
 Borgnjor's Vile Clutch   Necr/Erth      0%         N/A       100%        5
 Curse of Agony           Necr           1%         N/A       100%        5
 Fireball                 Conj/Fire      1%         3d3       100%        5
 Freezing Cloud           Conj/Ice/Air   0%         6-21      100%        5
 Iskenderun's Battlesphe  Conj           1%         2d6       100%        5
 Lee's Rapid Deconstruct  Erth           0%         3d4*      100%        5
 Metabolic Englaciation   Hex/Ice        0%         N/A       100%        5
 Silence                  Hex/Air        0%         N/A       100%        5
 Summon Forest            Summ/Tloc      2%         N/A       100%        5
 Summon Mana Viper        Hex/Summ       1%         N/A       100%        5
 Yara's Violent Unravell  Hex/Alch       0%         3d3       100%        5
 Bombard                  Conj/Erth      0%         9d1       100%        6
 Conjure Ball Lightning   Conj/Air       0%         3x3d6     100%        6
 Dispersal                Tloc           5%         N/A       100%        6
 Eringya's Noxious Bog    Alch           0%         4d6       100%        6
 Plasma Beam              Fire/Air       1%         2x1d11    100%        6
 Sculpt Simulacrum        Ice/Alch       0%         N/A       100%        6
 Starburst                Conj/Fire      1%         6d3       100%        6
 Summon Cactus Giant      Summ           0%         N/A       100%        6
 Enfeeble                 Hex            0%         N/A       100%        7
 Malign Gateway           Summ/Tloc      2%         N/A       100%        7
 Monstrous Menagerie      Summ           0%         N/A       100%        7
 Orb of Destruction       Conj           0%         9d5       100%        7
 Discord                  Hex            0%         N/A       100%        8
 Disjunction              Tloc           5%         N/A       100%        8
 Ignition                 Fire           1%         3d3       100%        8
 Lehudib's Crystal Spear  Conj/Erth      0%         10d2      100%        8
 Maxwell's Capacitive Co  Air            0%         ∞         100%        8
 Summon Horrible Things   Summ           0%         N/A       100%        8
 Chain Lightning          Conj/Air       0%         2d1       100%        9


Dungeon Overview and Level Annotations

Branches:
Dungeon (15/15)            Temple (0/1) D:6            Lair (5/5) D:9
  Swamp (4/4) Lair:3        Snake (4/4) Lair:2        Slime (5/5) Lair:5
    Orc (2/2) D:9             Elf (3/3) Orc:2        Vaults (5/5) D:13
  Crypt (3/3) Vaults:2     Depths (4/4) D:15           Hell (visited)
    Coc (0/7) Hell            Zot (5/5) Depths:4      Sewer (visited)
 Bailey (visited)           IceCv (visited)         Volcano (visited)
Desolation (visited)
   Tomb: Crypt:3        Dis: Hell:1         Geh: Hell:1         Tar: Hell:1

Altars:
Cheibriados
Dithmenos
Elyvilon
Fedhas
Gozag
Kikubaaqudgha
Makhleb
Nemelex Xobeh
Okawaru
Sif Muna
Trog
Vehumet
Wu Jian
Xom
Yredelemnul
Zin
Beogh
Jiyva

Shops:
D:10 [   D:12 *   D:13 =   Orc:2 :=?[   Elf:1 ?   Elf:3 :   Vaults:2 *
Vaults:3 ([   Vaults:4 (   Depths:4 [![[

Portals:
Hell: Depths:1 Depths:2 Depths:3 Depths:4
Abyss: Depths:1 Depths:3 Depths:4
Pandemonium: Depths:2 Depths:3
Ziggurat: Depths:2

Annotations:
Slime:5 Royal Jelly
Elf:2 1 runed translucent door
Crypt:3 3 runed translucent doors, Heot Zafel's ghost, veteran MiGl
Depths:2 1 runed translucent door


Innate Abilities, Weirdness & Mutations

Your magical capacity is low. (-10% MP)
You are very robust. (+20% HP)
You frequently scream uncontrollably at your foes.
Your spells are a little harder to cast, but a little more powerful.
Potions are less effective at restoring your health.


Message History

You block the profane servitor's attack.
Liggial hits the blizzard demon!!
You cut the profane servitor into ribbons!!!
You burn the profane servitor!!
The profane servitor is severely damaged.
You catch the helpless blizzard demon completely off-guard!
You hit the blizzard demon. You burn the blizzard demon.
You block the profane servitor's attack.
The profane servitor hits you but does no damage.
You block the blizzard demon's attack. x2
Liggial gestures at the blizzard demon.
The blizzard demon resists with almost no effort.
The profane servitor hits you but does no damage.
You block the profane servitor's attack.
You completely miss the profane servitor.
The profane servitor is severely damaged.
You completely miss the blizzard demon.
Liggial hits the blizzard demon.
The blizzard demon completely misses Liggial. x2
You block the profane servitor's attack. x2
Okay, then.
Unknown command.
You slice the profane servitor!! You burn the profane servitor!
The profane servitor is almost destroyed.
You catch the helpless blizzard demon completely off-guard!
You hit the blizzard demon. You burn the blizzard demon.
You kill the blizzard demon!
The blizzard demon disappears in a puff of smoke!
The profane servitor closely misses you. x2
You slash the profane servitor! You burn the profane servitor.
You destroy the profane servitor!
Your Shields skill increases to level 22!
You see here a +1 demon whip of freezing.
You swap places.
You are flying.
You are studying Necromancy.
Your flying speed is average.
Your attack delay is about 0.7 (and cannot be improved with additional weapon skill).
Your damage rating with your +9 broad axe of flaming is about 54 (Base 13 x 160% (Str) x 216% (Skill) + 9 (Ench)).
Your base attributes are Str 28, Int 10, Dex 13.
There is an open gate here.
There is a staircase leading out of the dungeon here.
You have escaped!

......#.#.[...##### ##..........
......#.#.##......####...........
......#.#.###.......#............
......#.#.# #.......#............
......#.#.######....#............
.................................
.######.#.##.##'''##.........)...
## #........#..&..#.............
# #........#..@..#.#...........
#........#.....#........##...
#........#.....#..###########
#....>...##+++##.##
########.........# ###########


You could see the friendly Liggial (summoned).

Vanquished Creatures
  A dread lich (Zot:5)
  4 ancient liches
  5 orbs of fire
  Mennas (Vaults:5)
  A juggernaut (Depths:3)
  The ghost of OlivierBoivin the Conqueror, a veteran OnSh of Gozag (Zot:4)
  6 Killer Klowns (Zot:5)
  the Lernaean hydra (Swamp:4)
  The ghost of jlumianski the Warrior, a veteran KoBe of Trog (Vaults:1)
  Geryon (Hell)
  A profane servitor (D:1)
  11 golden dragons
  A bone dragon (Hell)
  3 doom hounds (Hell)
  2 Tzitzimimeh (Hell)
  A Brimstone Fiend (D:11)
  A shard shrike zombie (Crypt:1)
  An Ice Fiend (D:15)
  10 tentacled monstrosities
  4 electric golems
  23 Orb Guardians
  14 liches
  3 hellephants (Depths:3)
  A walking frostbound tome (Depths:2)
  A walking earthen tome (Depths:3)
  A deep elf master archer (Elf:3)
  17 acid blobs
  6 sphinxes
  The ghost of thirtiethelement the Peltast, an adept DsBe of Trog (Vaults:1)
  9 titans
  An ancient champion (Depths:1)
  7 quicksilver dragons
  9 death cobs
  Kirke (D:15)
  18 storm dragons
  15 shadow dragons
  5 tengu reavers
  5 nagarajas (Snake:4)
  A fenstrider witch (Swamp:4)
  7 azure jellies
  3 revenants
  3 protean progenitors (Zot:2)
  8 draconian monks
  An emperor scorpion (Snake:2)
  14 frost giants
  19 vault wardens
  2 rockslimes (Slime:5)
  12 fire giants
  An imperial myrmidon (Desolation)
  A ghost moth (shapeshifter) (Vaults:5)
  2 draconian knights (Zot:2)
  4 draconian shifters
  2 balrugs
  8 deep elf sorcerers
  6 draconian scorchers
  2 curse skulls
  2 cacodemons
  5 deep elf elementalists (Elf:3)
  2 draconian stormcallers
  5 ghouls
  4 draconian annihilators
  4 reapers
  An orc warlord (Orc:2)
  13 stone giants
  A broodmother (IceCv)
  24 ironbound preservers
  16 very ugly things
  Nessos (Lair:4)
  5 quicksilver oozes
  14 ironbound thunderhulks
  8 green draconians
  5 eleionomae
  7 deep elf death magi
  7 formless jellyfish
  7 vampire knights
  3 lorocyprocas
  A deep elf demonologist (Elf:3)
  9 deep elf annihilators (Elf:3)
  5 red draconians
  7 purple draconians
  The ghost of Nyzic the Grappler, a journeyman TrMo (Lair:4)
  11 dire elephants
  2 halazid warlocks (Desolation)
  A war gargoyle (Vaults:3)
  9 white draconians
  2 bunyips
  6 black draconians
  7 yellow draconians
  Azrael (Elf:2)
  5 spark wasps
  8 blizzard demons
  2 crystal guardians (Desolation)
  An iron golem (Hell)
  12 ettins
  A green death (Depths:3)
  2 eidola
  12 ragged hierophants
  8 yaktaur captains
  10 deep elf high priests
  3 jiangshi (Crypt:2)
  A shambling mangrove (Swamp:1)
  13 fire dragons
  5 spriggan air magi
  12 great orbs of eyes
  2 rakshasas
  20 hydras
  8 ice dragons
  4 salamander tyrants
  18 peacekeepers
  2 spriggan skeletons (Crypt:2)
  11 vault guards
  8 alligators
  2 ghost crabs
  6 servants of whispers (Desolation)
  4 hell beasts
  Erolcha (D:9)
  3 ogre magi
  6 ironbound frosthearts
  9 anacondas
  A satyr (Snake:4)
  29 dancing weapons
  5 boulder beetles
  15 centaur warriors
  4 deep troll shamans
  5 death knights
  A boulder beetle (shapeshifter) (Vaults:5)
  18 two-headed ogres
  8 death yaks
  A fenstrider witch skeleton (Crypt:1)
  6 tengu warriors
  A deep troll earth mage (Vaults:5)
  9 hell hogs
  A two-headed ogre (shapeshifter) (Vaults:4)
  3 vampire magi (Crypt:2)
  2 orc high priests (Elf:1)
  3 demonic crawlers
  14 naga warriors
  11 naga sharpshooters
  4 spriggan berserkers
  2 occultists (Depths:3)
  12 shock serpents
  Nergalle (Lair:2)
  13 hell knights
  Sonja (Lair:2)
  3 soul eaters
  3 sun demons
  A titan skeleton (Crypt:2)
  15 deep elf knights
  A shadow wraith (Crypt:2)
  A golden dragon zombie (Crypt:1)
  8 goliath frogs
  5 salamander mystics
  8 bog bodies
  3 sixfirhies
  8 swamp dragons
  An elf simulacrum (Crypt:2)
  10 spriggan druids
  4 arcanists
  56 deep trolls
  5 flayed ghosts
  3 skysharks
  5 naga ritualists
  23 skeletal warriors
  An orb spider (Vaults:5)
  A cherub (Depths:1)
  3 glowing orange brains
  2 spriggan simulacra (Hell)
  An obsidian statue (Volcano)
  2 shadow demons
  2 sun moths
  A lindwurm (shapeshifter) (Elf:1)
  10 mana vipers
  A broodmother zombie (Crypt:1)
  6 deep elf archers
  16 lindwurms
  Pikel (D:8)
  An orc knight (Vaults:5)
  11 harpies
  12 phantasmal warriors
  20 ironbound convokers
  20 deep elf pyromancers
  A steelbarb worm (shapeshifter) (Depths:1)
  3 necromancers
  18 deep elf zephyrmancers
  13 salamanders
  29 ugly things
  2 manticores
  6 cyclopes
  A cyclops (shapeshifter) (Vaults:5)
  A faun (Vaults:5)
  4 will-o-the-wisps
  9 orc sorcerers (Orc:2)
  5 shining eyes
  23 moths of wrath
  2 elephants
  2 kobold blastminers (Orc:2)
  4 centaur zombies (D:13)
  28 black mambas
  A rust devil (D:15)
  16 vault sentinels
  A black mamba (shapeshifter) (D:15)
  18 naga magi
  An ice statue (IceCv)
  A water nymph (Zot:3)
  10 guardian serpents
  3 orange demons
  3 eyes of devastation
  A molten gargoyle (Desolation)
  A gargoyle (D:13)
  19 cane toads
  A smoke demon (Depths:4)
  2 efreet
  10 torpor snails
  4 unseen horrors
  8 freezing wraiths
  29 yaktaurs
  A yaktaur (shapeshifter) (D:15)
  2 ice devils (Lair:2)
  4 rime drakes
  8 komodo dragons
  5 tengu conjurers
  A grey draconian skeleton (Crypt:2)
  An alligator snapping turtle skeleton (Crypt:2)
  4 tormentors
  6 trolls
  13 polar bears
  3 queen bees
  A hellwing (Depths:3)
  89 saltlings
  17 hornets
  Prince Ribbit (Bailey)
  13 tyrant leeches
  15 blink frogs
  A snapping turtle (Vaults:5)
  6 dream sheep
  A glass eye (shapeshifter) (Vaults:5)
  3 tarantellas (Vaults:5)
  A harpy skeleton (Crypt:2)
  A raiju (Depths:3)
  70 slime creatures
  2 meliai zombies
  5 glass eyes
  4 shadows
  17 spriggans
  10 wyverns
  3 water elementals
  6 wraiths
  5 vampires
  2 ynoxinuls
  47 yaks
  Eustachio (D:5)
  4 air elementals (Elf:2)
  3 humans (Bailey)
  5 fire elementals
  6 fire bats
  4 hogs
  2 wargs
  A neqoxec (Depths:3)
  15 golden eyes
  6 basilisks
  4 vampire mosquitoes (D:14)
  A swamp worm (shapeshifter) (Vaults:5)
  4 steam dragons
  Edmund (D:5)
  15 swamp worms
  17 water moccasins
  6 acid dragons
  44 nagas
  3 hell hounds (Elf:2)
  10 swamp drakes
  A cane toad skeleton (Crypt:1)
  A sky beast (D:7)
  24 orc warriors
  9 black bears
  3 ice beasts
  6 boggarts
  6 laughing skulls
  A dream sheep zombie (Crypt:2)
  14 ogres
  30 wolves
  4 centaurs
  4 lemures (D:8)
  A rime drake zombie (Crypt:1)
  2 yaktaur zombies
  6 kobold brigands
  A draconian zombie (Crypt:2)
  A naga simulacrum (Hell)
  26 bullfrogs
  3 gnoll sergeants
  6 scorpions
  4 necrophages
  4 earth elementals
  3 wights (D:8)
  A burial acolyte (D:5)
  A ballistomycete (D:7)
  28 killer bees
  A polar bear zombie (Crypt:2)
  4 howler monkeys
  3 lava snakes (Volcano)
  3 bombardier beetles
  A cerulean imp (D:3)
  A basilisk zombie (Crypt:1)
  16 orc priests
  7 hounds
  3 jellies
  11 iguanas
  Natasha (thrice) (D:2)
  29 orc wizards
  2 sleepcaps (D:5)
  9 hell rats
  A brain worm zombie (Crypt:2)
  A naga skeleton (Crypt:1)
  Robin (D:2)
  19 gnolls
  3 river rats
  14 adders
  A shadow imp (D:5)
  3 white imps
  2 ufetubi (D:6)
  2 adder zombies (D:5)
  An iguana skeleton (Crypt:2)
  6 dart slugs
  3 ribbon worms
  73 orcs
  10 endoplasms
  7 giant cockroaches
  26 goblins
  14 hobgoblins
  6 jackals
  19 kobolds
  4 quokkas
  10 ball pythons
  8 bats
  6 frilled lizards
  An orc skeleton (Crypt:1)
  A quokka skeleton (Crypt:2)
  A quokka zombie (Crypt:2)
  10 rats
  A ballistomycete spore (D:7)
  A spectral weapon (Elf:2)
2467 creatures vanquished.

Vanquished Creatures (collateral kills)
  2 orbs of fire
  A juggernaut (Depths:3)
  The ghost of SlowGraham the Acrobat, a legendary KoMo of Trog (Vaults:1)
  3 Killer Klowns (Zot:5)
  An electric golem (Zot:5)
  3 tentacled monstrosities
  An iron giant (Depths:3)
  A walking crystal tome (Depths:3)
  9 Orb Guardians (Zot:5)
  4 liches (Zot:4)
  An acid blob (Slime:5)
  Frances (D:14)
  A storm dragon (Zot:3)
  2 shadow dragons
  2 rockslimes (Slime:5)
  The ghost of Yjimoseergh the Spry, an adept SpFE of Dithmenos (Vaults:1)
  The ghost of Yjimoseergh the Spry, an adept SpFE of Dithmenos (Vaults:1)
  A draconian monk (Zot:1)
  The ghost of Ypsiuj the Thaumaturge, an adept GnSk of Makhleb (Swamp:2)
  A nagaraja (Snake:4)
  A deep elf sorcerer (Elf:3)
  A frost giant (Depths:3)
  A draconian shifter (Zot:4)
  2 vault wardens (Vaults:5)
  An orc warlord (Vaults:3)
  2 formless jellyfish
  2 quicksilver oozes (Slime:5)
  A stone giant (Vaults:5)
  A green draconian (Zot:1)
  A draconian annihilator (Zot:1)
  An ironbound thunderhulk (Depths:3)
  A black draconian (Zot:1)
  A dire elephant (Vaults:1)
  A red draconian (Zot:1)
  Josephine (D:10)
  A crystal guardian (Vaults:1)
  A shambling mangrove (Swamp:2)
  2 quicksilver dragon zombies (D:15)
  A yaktaur captain (Vaults:1)
  A great orb of eyes (Vaults:1)
  2 hydras
  2 vault guards (Bailey)
  2 ogre magi
  2 alligators
  An anaconda (Vaults:4)
  A peacekeeper (Vaults:1)
  2 two-headed ogres
  A centaur warrior (D:8)
  A radroach (Lair:5)
  3 dancing weapons (Elf:2)
  A naga sharpshooter (Snake:3)
  Urug (Lair:2)
  2 deep troll earth magi
  A soul eater (Hell)
  A sun demon (Depths:2)
  A salamander mystic (Snake:3)
  A deep elf knight (Elf:3)
  A shadow demon (Depths:2)
  A storm dragon skeleton (D:15)
  6 skeletal warriors
  A shadow wraith (Crypt:3)
  A slime creature (Slime:1)
  A deep troll (Vaults:5)
  A naga ritualist (Snake:3)
  3 swamp dragons (Swamp:4)
  2 lindwurms (Vaults:1)
  An ironbound convoker (Vaults:1)
  A steelbarb worm (Vaults:5)
  4 deep elf pyromancers
  A deep elf zephyrmancer (Elf:3)
  2 orc sorcerers (Orc:2)
  A salamander (Snake:3)
  A moth of wrath (Zot:1)
  A cyclops (D:8)
  A faun (Vaults:5)
  A shining eye (Slime:5)
  A meliai (D:8)
  3 naga magi
  A kobold blastminer (Orc:2)
  An eye of devastation (Slime:5)
  A rust devil (Hell)
  A vault sentinel (Vaults:1)
  8 yaktaurs
  3 hornets
  A spriggan (Swamp:1)
  A wyvern (D:8)
  4 wraiths
  3 yaks (Lair:1)
  A fire bat (Lair:2)
  3 golden eyes (Slime:5)
  Grum (D:8)
  A basilisk (Lair:1)
  A swamp worm (Vaults:5)
  6 nagas
  A water moccasin (Lair:1)
  A merfolk skeleton (Crypt:3)
  7 orc warriors
  A swamp drake (Swamp:4)
  A black bear (D:4)
  3 ogres
  3 wolves (D:8)
  A centaur (D:8)
  A kobold brigand (D:9)
  A gnoll sergeant (D:9)
  3 howler monkeys (D:8)
  An orc priest (Orc:2)
  An iguana (Snake:4)
  Terence (D:3)
  3 orc wizards (Orc:2)
  4 gnolls (D:4)
  An iguana skeleton (Crypt:3)
  10 orcs
  A ball python (Snake:4)
  An endoplasm (D:4)
205 creatures vanquished.

Vanquished Creatures (others)
  A sphinx (Depths:3)
  An ironbound preserver (Vaults:3)
  A hydra (Swamp:2)
  A rakshasa (Depths:3)
  An alligator (Swamp:4)
  A deep elf knight (Elf:2)
  A deep troll (Depths:2)
  A spriggan druid (Swamp:1)
  A deep elf pyromancer (Elf:3)
  A deep elf zephyrmancer (Elf:1)
  A red devil (Hell)
  3 bloated husks (Swamp:2)
  A hornet (Swamp:1)
  2 yaks (IceCv)
  2 nagas
  An earth elemental (Swamp:2)
  A bombardier beetle (D:6)
  2 orcs (D:6)
  A ball python (D:1)
  5 ballistomycete spores (D:7)
  16 foxfires
45 creatures vanquished.

Grand Total: 2717 creatures vanquished

Notes
Turn   | Place    | Note
-------+----------+-------------------------------------------
     0 | D:1      | bobo the Hill Orc Monk began the quest for the Orb.
     0 | D:1      | Reached XP level 1. HP: 19/19 MP: 1/1
   123 | D:1      | Reached skill level 4 in Fighting
   123 | D:1      | Reached XP level 2. HP: 25/27 MP: 2/2
   222 | D:1      | Found a faded altar of an unknown god.
   231 | D:1      | Prayed at the altar of an unknown god.
   231 | D:1      | Became a worshipper of Nemelex Xobeh the Trickster
   231 | D:1      | Reached * piety under Nemelex Xobeh
   231 | D:1      | Received a gift from Nemelex Xobeh
   231 | D:1      | Reached ** piety under Nemelex Xobeh
   368 | D:1      | Reached XP level 3. HP: 33/33 MP: 3/3
   455 | D:2      | Reached skill level 1 in Invocations
   477 | D:2      | Reached *** piety under Nemelex Xobeh
   644 | D:2      | Reached skill level 5 in Axes
   644 | D:2      | Reached XP level 4. HP: 37/41 MP: 5/5
   725 | D:2      | Noticed Natasha
   733 | D:2      | Killed Natasha
   734 | D:2      | Received a gift from Nemelex Xobeh
   747 | D:2      | Reached skill level 5 in Fighting
   855 | D:2      | Reached XP level 5. HP: 48/48 MP: 6/6
   855 | D:2      | Noticed Robin
   858 | D:2      | Killed Robin
   990 | D:2      | Found an iron altar of Okawaru.
  1125 | D:2      | Noticed Natasha
  1134 | D:2      | Killed Natasha
  1214 | D:2      | Reached skill level 1 in Shields
  1221 | D:2      | Noticed Natasha
  1228 | D:2      | Killed Natasha
  1316 | D:3      | Noticed Grinder
  1321 | D:3      | Grinder changed into Grinder the cerulean imp
  1321 | D:3      | Noticed Grinder
  1329 | D:3      | Killed Grinder the cerulean imp
  1330 | D:3      | Reached XP level 6. HP: 51/56 MP: 8/8
  1378 | D:3      | Noticed Terence
  1383 | D:3      | Killed Terence
  2202 | D:4      | Found a radiant altar of Vehumet.
  2292 | D:4      | Noticed a black bear
  2301 | D:4      | Killed a black bear
  2302 | D:4      | Reached skill level 1 in Evocations
  2304 | D:4      | Reached XP level 7. HP: 54/62 MP: 8/10
  2309 | D:4      | Reached skill level 6 in Fighting
  2404 | D:4      | Reached **** piety under Nemelex Xobeh
  2407 | D:4      | Found a glowing drain.
  2427 | Sewer    | Entered a sewer
  2563 | Sewer    | Found a white marble altar of Elyvilon.
  2633 | D:4      | Found a shimmering altar of Xom.
  2776 | D:4      | Found a shadowy altar of Dithmenos.
  2777 | D:4      | Found a white marble altar of Elyvilon.
  2891 | D:4      | Reached skill level 5 in Invocations
  2891 | D:4      | Reached XP level 8. HP: 71/71 MP: 11/11
  2920 | D:4      | Found a burning altar of Makhleb.
  2964 | D:5      | Entered Level 5 of the Dungeon
  3143 | D:5      | Identified the +7 sling of Triumph {drain, Will+ Str+5}
  3218 | D:5      | Reached skill level 7 in Fighting
  3393 | D:5      | Noticed Eustachio
  3495 | D:5      | Killed Eustachio
  3614 | D:5      | Reached skill level 8 in Fighting
  3743 | D:5      | Reached XP level 9. HP: 56/82 MP: 13/13
  3769 | D:5      | Reached skill level 5 in Shields
  3876 | D:5      | Received a gift from Nemelex Xobeh
  3984 | D:5      | Reached skill level 9 in Fighting
  4095 | D:5      | Noticed Edmund
  4097 | D:5      | Killed Edmund
  4143 | D:5      | Found an ancient bone altar of Kikubaaqudgha.
  4167 | D:5      | Received a gift from Nemelex Xobeh
  4738 | D:6      | Reached skill level 1 in Armour
  4860 | D:6      | Reached skill level 5 in Evocations
  4975 | D:6      | Found a staircase to the Ecumenical Temple.
  5010 | D:6      | Reached skill level 10 in Fighting
  5258 | D:6      | Reached ***** piety under Nemelex Xobeh
  5789 | D:7      | Reached XP level 10. HP: 93/94 MP: 14/16
  6108 | D:7      | Found a snail-covered altar of Cheibriados.
  6727 | D:7      | Found an iron altar of Okawaru.
  6745 | D:7      | Received a gift from Nemelex Xobeh
  6806 | D:7      | Reached skill level 11 in Fighting
  7286 | D:8      | Found a shimmering blue altar of Sif Muna.
  7334 | D:8      | Received a gift from Nemelex Xobeh
  7504 | D:8      | Noticed Pikel
  7506 | D:8      | Killed Pikel
  7507 | D:8      | Reached skill level 10 in Axes
  7536 | D:8      | Found a flagged portal.
  7542 | Bailey   | Entered a bailey
  7850 | Bailey   | Reached skill level 12 in Fighting
  7912 | Bailey   | Reached skill level 5 in Armour
  7912 | Bailey   | Noticed a vault guard
  7920 | Bailey   | Killed a vault guard
  7921 | Bailey   | Reached XP level 11. HP: 91/105 MP: 13/18
  7963 | Bailey   | Noticed Prince Ribbit
  7964 | Bailey   | Noticed a vault guard
  7965 | Bailey   | Killed Prince Ribbit
  7968 | Bailey   | Killed a vault guard
  7969 | Bailey   | Reached skill level 10 in Invocations
  8176 | D:8      | Noticed a centaur warrior
  8180 | D:8      | Noticed a two-headed ogre
  8184 | D:8      | Killed a centaur warrior
  8185 | D:8      | Reached skill level 13 in Fighting
  8187 | D:8      | Killed a two-headed ogre
  8192 | D:8      | Noticed Grum
  8196 | D:8      | Killed Grum
  8205 | D:8      | Noticed a cyclops
  8219 | D:8      | Killed a cyclops
  8230 | D:8      | Noticed a manticore
  8235 | D:8      | Killed a manticore
  8636 | D:8      | Noticed a two-headed ogre
  8640 | D:8      | Killed a two-headed ogre
  8799 | D:8      | Received a gift from Nemelex Xobeh
  9156 | D:8      | Found an ornate altar of the Wu Jian Council.
  9164 | D:8      | Found an opulent altar of Gozag.
  9166 | D:8      | Found a glowing silver altar of Zin.
  9168 | D:8      | Found a blossoming altar of Fedhas.
  9257 | D:9      | Learned a level 4 spell: Manifold Assault
  9635 | D:9      | Found a bloodstained altar of Trog.
  9657 | D:9      | Noticed Erolcha
  9664 | D:9      | Killed Erolcha
  9665 | D:9      | Reached skill level 14 in Fighting
  9750 | D:9      | Reached XP level 12. HP: 95/117 MP: 14/20
  9758 | D:9      | Found a staircase to the Orcish Mines.
  9956 | D:9      | Received a gift from Nemelex Xobeh
 10381 | D:9      | Found a staircase to the Lair.
 10793 | Lair:1   | Entered Level 1 of the Lair of Beasts
 10795 | Lair:1   | Received a gift from Nemelex Xobeh
 10838 | Lair:1   | Noticed a skyshark
 10849 | Lair:1   | Killed a skyshark
 10920 | Lair:1   | Reached skill level 15 in Fighting
 11349 | Lair:1   | Identified the +1 long sword of Oropay {drain, rC+ Int+4}
 12077 | Lair:2   | Noticed an eight-headed hydra
 12084 | Lair:2   | Killed a nine-headed hydra
 12111 | Lair:2   | Found a dark tunnel.
 12125 | Volcano  | Entered a volcano
 12207 | Volcano  | Reached XP level 13. HP: 109/128 MP: 14/22
 12316 | Volcano  | Received a gift from Nemelex Xobeh
 12338 | Volcano  | Reached skill level 16 in Fighting
 12528 | Volcano  | Found a radiant altar of Vehumet.
 12557 | Volcano  | Gained mutation: You have large cloven feet. [a neqoxec]
 12584 | Volcano  | Found a bloodstained altar of Trog.
 12674 | Lair:2   | Found a frozen archway.
 12693 | IceCv    | Entered an ice cave
 12785 | IceCv    | Reached skill level 10 in Evocations
 13217 | IceCv    | Reached skill level 17 in Fighting
 13434 | IceCv    | Reached skill level 10 in Armour
 13459 | IceCv    | Upgraded the game from 0.31.0-4-g52a2dc7128 to
                  | 0.31.0-9-g3a7656b989
 13544 | IceCv    | Received a gift from Nemelex Xobeh
 13562 | IceCv    | a death yak changed into a broodmother
 13562 | IceCv    | Noticed a broodmother
 13566 | IceCv    | Killed a broodmother
 13578 | IceCv    | Reached XP level 14. HP: 110/140 MP: 22/24
 13761 | Lair:2   | Found a staircase to the Snake Pit.
 13954 | Lair:2   | Noticed Urug
 13963 | Lair:2   | Killed Urug
 14046 | Lair:2   | Noticed Sonja
 14050 | Lair:2   | Killed Sonja
 14343 | Lair:2   | Noticed Nergalle
 14353 | Lair:2   | Killed Nergalle
 14645 | Lair:2   | Reached skill level 15 in Axes
 15075 | Lair:3   | Found a staircase to the Swamp.
 15851 | Lair:3   | Received a gift from Nemelex Xobeh
 16133 | Lair:4   | Found a large runed translucent door.
 16134 | Lair:4   | Found a large runed translucent door.
 16734 | Lair:4   | Noticed Nessos
 16745 | Lair:4   | Killed Nessos
 17069 | Lair:4   | Received a gift from Nemelex Xobeh
 17387 | Lair:4   | Received a gift from Nemelex Xobeh
 17635 | Lair:4   | Noticed Nyzic's ghost (journeyman TrMo)
 17660 | Lair:4   | Killed Nyzic's ghost
 17868 | Lair:5   | Entered Level 5 of the Lair of Beasts
 18219 | Lair:5   | Reached XP level 15. HP: 136/149 MP: 23/26
 18223 | Lair:5   | Reached skill level 15 in Invocations
 18224 | Lair:5   | Reached skill level 18 in Fighting
 18736 | Lair:5   | Received a gift from Nemelex Xobeh
 18744 | Lair:5   | Reached skill level 5 in Dodging
 19107 | Lair:5   | Found a staircase to the Slime Pits.
 19201 | Lair:5   | Reached ****** piety under Nemelex Xobeh
 19219 | Lair:5   | Received a gift from Nemelex Xobeh
 19470 | Lair:5   | Reached XP level 16. HP: 79/159 MP: 23/27
 19471 | Lair:5   | Reached XP level 17. HP: 83/166 MP: 23/28
 20214 | Lair:5   | Paralysed by a hornet for 1 turns
 20705 | D:10     | Entered Level 10 of the Dungeon
 20786 | D:10     | Noticed Josephine
 20794 | D:10     | Killed Josephine
 20800 | D:10     | Received a gift from Nemelex Xobeh
 21081 | D:10     | Found Buhiwnuropn's Antique Armour Boutique.
 21451 | D:11     | Received a gift from Nemelex Xobeh
 21456 | D:11     | Reached skill level 1 in Translocations
 21458 | D:11     | Reached skill level 1 in Spellcasting
 21753 | D:11     | Received a gift from Nemelex Xobeh
 22266 | D:12     | Found Lymex's General Store.
 22747 | D:13     | Found Vaikustry's Jewellery Boutique.
 22780 | D:13     | Bought an amulet of reflection for 450 gold pieces
 22865 | D:13     | Received a gift from Nemelex Xobeh
 23185 | D:13     | Found a gate to the Vaults.
 23245 | D:13     | Received a gift from Nemelex Xobeh
 23636 | D:13     | Got the Parchment of White Assaults
 24047 | D:14     | Reached skill level 19 in Fighting
 24203 | D:14     | Received a gift from Nemelex Xobeh
 24223 | D:14     | Reached XP level 18. HP: 164/176 MP: 30/30
 24681 | D:14     | Noticed Frances
 24688 | D:14     | Killed Frances
 25098 | D:15     | Entered Level 15 of the Dungeon
 25099 | D:15     | Received a gift from Nemelex Xobeh
 25105 | D:15     | Found a flickering gateway to a bazaar.
 25124 | Bazaar   | Entered a bazaar
 25144 | Bazaar   | Found Qarphiyr's Weapon Emporium.
 25160 | Bazaar   | Found Ehysm's Assorted Antiques.
 25160 | Bazaar   | Found Ytta's Magic Scroll Shoppe.
 25165 | Bazaar   | Bought a scroll of blinking for 120 gold pieces
 25165 | Bazaar   | Bought a scroll of enchant weapon for 120 gold pieces
 25165 | Bazaar   | Bought 2 scrolls of blinking for 240 gold pieces
 25171 | Bazaar   | Bought a potion of heal wounds for 80 gold pieces
 25171 | Bazaar   | Bought a scroll of enchant armour for 120 gold pieces
 25171 | Bazaar   | Bought a potion of curing for 48 gold pieces
 25171 | Bazaar   | Bought a scroll of enchant weapon for 120 gold pieces
 25181 | Bazaar   | Found Tapli's Assorted Antiques.
 25186 | Bazaar   | Bought a potion of curing for 84 gold pieces
 25196 | Bazaar   | Found Xeacenin's Antique Armour Emporium.
 25381 | D:15     | Found a staircase to the Depths.
 25466 | D:15     | Reached skill level 10 in Shields
 25717 | D:15     | Noticed Kirke
 25719 | D:15     | Killed Kirke
 26184 | Depths:1 | Entered Level 1 of the Depths
 26445 | Orc:1    | Entered Level 1 of the Orcish Mines
 26839 | Orc:2    | Entered Level 2 of the Orcish Mines
 26999 | Orc:2    | Received a gift from Nemelex Xobeh
 27067 | Orc:2    | Identified the +0 trident "Wohedius" {flame, Int+5}
 27074 | Orc:2    | Paralysed by an orc sorcerer for 4 turns
 27251 | Orc:2    | Found a staircase to the Elven Halls.
 27470 | Orc:2    | Found Ijofoaru's Book Shop.
 27474 | Orc:2    | Received a gift from Nemelex Xobeh
 27564 | Orc:2    | Found an ancient bone altar of Kikubaaqudgha.
 27574 | Orc:2    | Found Toselum's Jewellery Shop.
 27586 | Orc:2    | Bought an amulet of regeneration for 390 gold pieces
 27586 | Orc:2    | Bought the ring of Howik {+Blink Fly rC++ Will+ Int-5} for
                  | 573 gold pieces
 27600 | Orc:2    | Found a radiant altar of Vehumet.
 27608 | Orc:2    | Found a roughly hewn altar of Beogh.
 27608 | Orc:2    | Found Alio's Magic Scroll Boutique.
 27621 | Orc:2    | Found Aranol's Antique Armour Boutique.
 27624 | Orc:2    | Bought a scroll of enchant weapon for 112 gold pieces
 27967 | Snake:1  | Entered Level 1 of the Snake Pit
 29148 | Snake:2  | Reached XP level 19. HP: 184/184 MP: 31/31
 29356 | Snake:2  | Received a gift from Nemelex Xobeh
 29396 | Snake:2  | Noticed Saint Roka
 29400 | Snake:2  | Saint Roka changed into Saint Roka the emperor scorpion
 29400 | Snake:2  | Noticed Saint Roka
 29409 | Snake:2  | Killed Saint Roka the emperor scorpion
 30238 | Snake:3  | Reached skill level 20 in Fighting
 30337 | Snake:3  | Received a gift from Nemelex Xobeh
 30474 | Snake:3  | Received a gift from Nemelex Xobeh
 30911 | Snake:4  | Entered Level 4 of the Snake Pit
 31063 | Snake:4  | Got the Papyrus of the Grisly Torch
 31116 | Snake:4  | Received a gift from Nemelex Xobeh
 31810 | Snake:4  | Got a serpentine rune of Zot
 32323 | Swamp:1  | Entered Level 1 of the Swamp
 32339 | Swamp:1  | Received a gift from Nemelex Xobeh
 32406 | Swamp:1  | Identified the +0 trident of Inflation {freeze, rElec rF+++
                  | rC- Dex-4}
 32615 | Swamp:1  | Reached XP level 20. HP: 171/195 MP: 33/33
 33189 | Swamp:2  | Received a gift from Nemelex Xobeh
 33646 | Swamp:2  | Found a runed translucent door.
 33650 | Swamp:2  | Noticed Ypsiuj's ghost (adept GnSk)
 33879 | Swamp:2  | Killed Ypsiuj's ghost
 34196 | Swamp:3  | Received a gift from Nemelex Xobeh
 34804 | Swamp:4  | Entered Level 4 of the Swamp
 35013 | Swamp:4  | Noticed the 27-headed Lernaean hydra
 35023 | Swamp:4  | Killed the 23-headed Lernaean hydra
 35109 | Swamp:4  | Got a decaying rune of Zot
 35565 | Swamp:4  | Received a gift from Nemelex Xobeh
 36030 | Elf:1    | Entered Level 1 of the Elven Halls
 36166 | Elf:1    | Gained mutation: You are frail. (-10% HP) [a neqoxec]
 36417 | Vaults:1 | Entered Level 1 of the Vaults
 36574 | Vaults:1 | Reached skill level 10 in Dodging
 36785 | Vaults:1 | Identified the +2 leather armour of Whack-A-Mole {rElec
                  | rF+++ Will- Dex+2}
 36859 | Vaults:1 | Reached skill level 21 in Fighting
 36860 | Vaults:1 | Reached XP level 21. HP: 147/183 MP: 34/34
 36975 | Vaults:1 | Received a gift from Nemelex Xobeh
 37280 | Vaults:1 | Found a runed translucent gate.
 37280 | Vaults:1 | Found a runed translucent gate.
 37280 | Vaults:1 | Noticed jlumianski's ghost (veteran KoBe)
 37281 | Vaults:1 | Found a runed translucent gate.
 37281 | Vaults:1 | Noticed thirtiethelement's ghost (adept DsBe)
 37281 | Vaults:1 | Noticed Yjimoseergh's ghost (adept SpFE)
 37281 | Vaults:1 | Noticed Yjimoseergh's ghost (adept SpFE)
 37281 | Vaults:1 | Noticed SlowGraham's ghost (legendary KoMo)
 37709 | Vaults:1 | Lost mutation: You have large cloven feet. [potion of
                  | mutation]
 37709 | Vaults:1 | Lost mutation: You are frail. (-10% HP) [potion of
                  | mutation]
 37709 | Vaults:1 | Gained mutation: You have sharp fingernails. [potion of
                  | mutation]
 37709 | Vaults:1 | Gained mutation: You occasionally shout uncontrollably at
                  | your foes. [potion of mutation]
 37709 | Vaults:1 | Gained mutation: You occasionally lose the ability to drink
                  | potions when taking damage. [potion of mutation]
 37710 | Vaults:1 | Lost mutation: You occasionally lose the ability to drink
                  | potions when taking damage. [potion of mutation]
 37710 | Vaults:1 | Lost mutation: You have sharp fingernails. [potion of
                  | mutation]
 37710 | Vaults:1 | Lost mutation: You occasionally shout uncontrollably at
                  | your foes. [potion of mutation]
 37710 | Vaults:1 | Gained mutation: Your movements are slightly less
                  | encumbered by armour. (ER -2) [potion of mutation]
 37710 | Vaults:1 | Gained mutation: You possess an exceptional clarity of
                  | mind. [potion of mutation]
 37710 | Vaults:1 | Gained mutation: Your muscles are strong. (Str +4, Int/Dex
                  | -1) [potion of mutation]
 37730 | Vaults:2 | Found Wyagiv Yck's General Store.
 37742 | Vaults:2 | Reached skill level 15 in Evocations
 37757 | Vaults:2 | Bought a scroll of teleportation for 45 gold pieces
 37777 | Vaults:2 | Received a gift from Nemelex Xobeh
 37820 | Vaults:2 | Reached skill level 15 in Armour
 37854 | Vaults:2 | Found a crumbling gateway.
 37861 | Desolati | Entered the Desolation of Salt
 38037 | Desolati | Received a gift from Nemelex Xobeh
 38254 | Desolati | Reached skill level 15 in Shields
 38309 | Desolati | Identified the +1 leather armour of the Untouchables
                  | {*Corrode rPois rC+}
 38309 | Desolati | Identified the ring "Raogich" {Fire Will+ Str+6}
 38329 | Desolati | Got the Teachings on Force
 38332 | Desolati | Identified the amulet of Beogh's Reproof {Reflect rF- Str+5
                  | Int+6 SH+5}
 38616 | Desolati | Received a gift from Nemelex Xobeh
 38619 | Desolati | Identified the amulet "Keteane" {Spirit rC++ Dex-4}
 38795 | Desolati | Got the Atlas of the Butterfly
 38808 | Desolati | Reached XP level 22. HP: 213/213 MP: 35/35
 38845 | Desolati | Got Jeucemebb's Precepts of the Atmospheric Catalyst
 38847 | Desolati | Got the Elucidation of the Baleful Brume
 38850 | Desolati | Identified the +3 quarterstaff "Maskeisch" {freeze, rF++
                  | Str-2 Int+9 SInv}
 39560 | Vaults:2 | Received a gift from Nemelex Xobeh
 39664 | Vaults:2 | Found a staircase to the Crypt.
 39664 | Vaults:2 | Found a basalt altar of Yredelemnul.
 39664 | Vaults:2 | Found an ancient bone altar of Kikubaaqudgha.
 40279 | Vaults:3 | Found Jaicig's Antique Armour Boutique.
 40294 | Vaults:3 | Bought an embroidered scarf for 352 gold pieces
 40445 | Vaults:3 | Received a gift from Nemelex Xobeh
 40498 | Vaults:3 | Reached skill level 22 in Fighting
 40698 | Vaults:3 | Found Hetus's Weapon Shop.
 40870 | Vaults:3 | Identified the +2 shortbow of the Puffin {heavy, rElec
                  | rPois Int+3 Stlth+}
 41295 | Vaults:3 | Received a gift from Nemelex Xobeh
 42103 | Vaults:4 | Reached XP level 23. HP: 192/224 MP: 37/37
 42668 | Vaults:4 | Found Jieqaddo's Weapon Boutique.
 42669 | Vaults:4 | Noticed Zenata
 42671 | Vaults:4 | Zenata changed into Zenata the anaconda
 42671 | Vaults:4 | Noticed Zenata
 42677 | Vaults:4 | Killed Zenata the anaconda
 42750 | Vaults:4 | Received a gift from Nemelex Xobeh
 42757 | Vaults:4 | Noticed a golden dragon
 42778 | Vaults:4 | Killed a golden dragon
 43090 | Vaults:4 | Learned a level 2 spell: Lesser Beckoning
 43948 | Elf:1    | Got the Directory of the Escort
 44026 | Elf:1    | Found Fublino's Magic Scroll Shop.
 44034 | Elf:1    | Bought a scroll of brand weapon for 104 gold pieces
 44038 | Elf:1    | Received a gift from Nemelex Xobeh
 44061 | Elf:1    | You are sucked into a shaft and drop 1 floor!
 44339 | Elf:2    | Paralysed by an air elemental for 1 turns
 44452 | Elf:2    | Paralysed by an air elemental for 1 turns
 44459 | Elf:2    | Paralysed by an air elemental for 1 turns
 44551 | Elf:2    | Found a runed translucent door.
 44582 | Elf:2    | Found a runed translucent door.
 44798 | Elf:2    | Identified the flux talisman of Dogma {rElec Int+3 Stlth+}
 44944 | Elf:2    | Received a gift from Nemelex Xobeh
 45115 | Elf:2    | Noticed Azrael
 45124 | Elf:2    | Killed Azrael
 45295 | Elf:2    | Received a gift from Nemelex Xobeh
 45502 | Elf:3    | Entered Level 3 of the Elven Halls
 45688 | Elf:3    | Reached skill level 23 in Fighting
 45704 | Elf:3    | Identified the +4 glaive of an ossuary {vamp, *Slow MP+9
                  | Str-4 Stlth+}
 45745 | Elf:3    | Reached XP level 24. HP: 100/235 MP: 36/37
 46205 | Elf:3    | Identified the amulet of Koigow {Reflect rC+ Int+6 SH+5}
 46534 | Elf:3    | Found Deeshraes's Book Shoppe.
 46706 | Elf:3    | Received a gift from Nemelex Xobeh
 46995 | Elf:3    | Got Sif Muna's Excursus on the Charged Adder
 47003 | Elf:3    | Got the Incunable of Viperous Haze
 47007 | Elf:3    | Identified the serpent talisman of Usma {Fly}
 47339 | Elf:1    | Found a shimmering blue altar of Sif Muna.
 47511 | Elf:1    | Received a gift from Nemelex Xobeh
 48170 | Slime:1  | Entered Level 1 of the Pits of Slime
 48333 | Slime:2  | Gained mutation: You have large cloven feet. [a shining
                  | eye]
 49462 | Slime:4  | Received a gift from Nemelex Xobeh
 49859 | Slime:5  | Entered Level 5 of the Pits of Slime
 50039 | Slime:5  | Received a gift from Nemelex Xobeh
 50150 | Slime:4  | Gained mutation: You expend magic power (3 MP) to
                  | strengthen your wands. [a shining eye]
 50553 | Slime:5  | Gained mutation: Armour fits poorly on your strangely
                  | shaped body. [a shining eye]
 50558 | Slime:5  | Gained mutation: Your spells are a little easier to cast,
                  | but a little less powerful. [a shining eye]
 50978 | Slime:5  | Lost mutation: You expend magic power (3 MP) to strengthen
                  | your wands. [potion of mutation]
 50978 | Slime:5  | Lost mutation: Your muscles are strong. (Str +4, Int/Dex
                  | -1) [potion of mutation]
 50978 | Slime:5  | Gained mutation: Your system is resistant to poisons.
                  | (rPois) [potion of mutation]
 50979 | Slime:5  | Lost mutation: Your spells are a little easier to cast, but
                  | a little less powerful. [potion of mutation]
 50979 | Slime:5  | Lost mutation: Your movements are slightly less encumbered
                  | by armour. (ER -2) [potion of mutation]
 50979 | Slime:5  | Lost mutation: Your system is resistant to poisons. (rPois)
                  | [potion of mutation]
 50979 | Slime:5  | Gained mutation: You passively dampen the noise of your
                  | surroundings. [potion of mutation]
 50979 | Slime:5  | Gained mutation: You have hidden genetic potential. [potion
                  | of mutation]
 51004 | Slime:5  | Found a viscous altar of Jiyva.
 51078 | Slime:5  | Noticed the Royal Jelly
 51886 | Crypt:1  | Entered Level 1 of the Crypt
 52267 | Crypt:1  | Received a gift from Nemelex Xobeh
 52842 | Crypt:2  | Reached XP level 25. HP: 240/241 MP: 38/38
 52890 | Crypt:2  | Received a gift from Nemelex Xobeh
 53262 | Crypt:2  | Received a gift from Nemelex Xobeh
 53751 | Crypt:3  | Entered Level 3 of the Crypt
 53752 | Crypt:3  | Noticed Heot Zafel's ghost (veteran MiGl)
 53785 | Crypt:3  | Reached skill level 24 in Fighting
 53785 | Crypt:3  | Found a runed translucent gate.
 53785 | Crypt:3  | Found a runed translucent gate.
 53785 | Crypt:3  | Found a runed translucent gate.
 54133 | Vaults:1 | Killed thirtiethelement's ghost
 54149 | Vaults:1 | Killed Yjimoseergh's ghost
 54150 | Vaults:1 | Killed SlowGraham's ghost
 54154 | Vaults:1 | Killed Yjimoseergh's ghost
 54159 | Vaults:1 | Killed jlumianski's ghost
 54190 | Vaults:1 | Identified the ring "Xobb" {rElec rN+ Int+2 Dex+6}
 54240 | Vaults:1 | Identified the +11 shortbow of Blood-Lust {heavy, rF+ rCorr
                  | Int+2}
 54401 | Depths:1 | Found a one-way gate to the infinite horrors of the Abyss.
 55121 | Depths:1 | Found a gateway to Hell.
 55406 | Depths:1 | Received a gift from Nemelex Xobeh
 55460 | Depths:1 | You are sucked into a shaft and drop 1 floor!
 55460 | Depths:2 | Found a runed translucent door.
 56073 | Depths:2 | Identified the ring "Ungekun" {*Slow Fly rC+ Will+++ rCorr}
 56241 | Depths:2 | Identified the ring "Melonul" {rN+ Int+5 Stlth+}
 56534 | Depths:2 | Found a one-way gateway to a ziggurat.
 56720 | Depths:2 | Identified the ring "Qicwasm" {^Drain rPois Dex+4 SInv}
 56747 | Depths:2 | Identified the ring of Yzor {rPois rF- rCorr Stlth+}
 56969 | Depths:2 | Found a one-way gate leading to the halls of Pandemonium.
 57505 | Hell     | Entered the Vestibule of Hell
 57505 | Hell     | Noticed Geryon
 57517 | Hell     | Killed Geryon
 57588 | Hell     | Found a gateway to the freezing wastes of Cocytus.
 57640 | Hell     | Reached XP level 26. HP: 163/256 MP: 38/38
 57649 | Hell     | Reached skill level 15 in Dodging
 58410 | Depths:3 | Identified the orb "Gouso Pio" {*channel, Int+3 Stlth+}
 58410 | Depths:3 | Noticed Frederick
 58413 | Depths:3 | Frederick changed into Frederick the titan
 58413 | Depths:3 | Noticed Frederick
 58418 | Depths:3 | Killed Frederick the titan
 58593 | Depths:3 | Noticed a juggernaut
 58605 | Depths:3 | Killed a juggernaut
 58612 | Depths:3 | Received a gift from Nemelex Xobeh
 58931 | Depths:3 | Got the Annotations on the Icicle and Confrontation
 59572 | Depths:3 | Noticed a juggernaut
 59586 | Depths:3 | Killed a juggernaut
 60152 | Depths:3 | Reached skill level 25 in Fighting
 60158 | Depths:3 | Identified the +12 bardiche of Eches {freeze, ^Drain rPois
                  | Stlth+}
 60430 | Depths:3 | Identified the +2 dagger of Ruba {heavy, rPois rF+}
 60442 | Depths:3 | Identified the +1 scimitar of the Pariah {protect, Str-3
                  | Int-4 Dex+9}
 60444 | Depths:3 | Identified the +10 rapier of Courage {spect, rElec Dex+3}
 60468 | Depths:3 | Received a gift from Nemelex Xobeh
 60891 | Depths:3 | Gained mutation: You occasionally lose the ability to read
                  | scrolls when taking damage. [a cacodemon]
 60895 | Depths:3 | Gained mutation: You are agile. (Dex +4, Str/Int -1) [a
                  | cacodemon]
 61201 | Depths:4 | Entered Level 4 of the Depths
 61215 | Depths:4 | Found Wuttot's Antique Armour Shoppe.
 61215 | Depths:4 | Found Omoest's Distillery.
 61216 | Depths:4 | Found Seunoepry's Antique Armour Emporium.
 61238 | Depths:4 | Bought a pair of runed boots for 285 gold pieces
 61240 | Depths:4 | Found Muir's Armour Shoppe.
 61244 | Depths:4 | Bought a potion of heal wounds for 95 gold pieces
 61244 | Depths:4 | Bought a potion of heal wounds for 95 gold pieces
 61244 | Depths:4 | Bought a potion of mutation for 152 gold pieces
 61250 | Depths:4 | Bought a pair of runed boots for 172 gold pieces
 61482 | Depths:4 | Found a gate to the Realm of Zot.
 62318 | Depths:4 | Reached XP level 27. HP: 151/266 MP: 13/39
 63003 | Vaults:5 | Entered Level 5 of the Vaults
 63018 | Vaults:5 | Noticed an ancient lich
 63035 | Vaults:5 | Killed an ancient lich
 63274 | Vaults:5 | Received a gift from Nemelex Xobeh
 63616 | Vaults:5 | Learned a level 1 spell: Apportation
 63771 | Vaults:5 | Identified the staff of the Mushroom {Int-3 Dex+3 SInv
                  | Conj}
 64017 | Vaults:5 | Noticed Mennas
 64043 | Vaults:5 | Killed Mennas
 64252 | Vaults:5 | Gained mutation: Your mind is acute. (Int +4, Str/Dex -1)
                  | [hidden potential]
 64586 | Vaults:5 | Got a silver rune of Zot
 64607 | Vaults:5 | Got Labarull's Volume of Sinister Arts
 65181 | Zot:1    | Entered Level 1 of the Realm of Zot
 65195 | Zot:1    | Received a gift from Nemelex Xobeh
 65943 | Zot:1    | Identified the ring of Loffuss {rN+ Dex+2}
 66441 | Zot:2    | Identified the ring of Jausau {Fly rCorr AC+4 Dex+4}
 66459 | Zot:2    | Noticed an orb of fire
 66465 | Zot:2    | Lost mutation: Your mind is acute. (Int +4, Str/Dex -1) [an
                  | orb of fire]
 66484 | Zot:2    | Gained mutation: You are occasionally teleported next to
                  | monsters. [an orb of fire]
 66485 | Zot:2    | Killed an orb of fire
 66523 | Zot:2    | Received a gift from Nemelex Xobeh
 66643 | Zot:2    | Reached skill level 26 in Fighting
 66643 | Zot:2    | Lost mutation: You have large cloven feet. [potion of
                  | mutation]
 66643 | Zot:2    | Lost mutation: Armour fits poorly on your strangely shaped
                  | body. [potion of mutation]
 66643 | Zot:2    | Gained mutation: Your flesh is cold resistant. (rC+)
                  | [potion of mutation]
 67125 | Zot:2    | Received a gift from Nemelex Xobeh
 67353 | Zot:2    | Identified the +2 ring mail of Gehenna {*Slow +Inv Int-3
                  | Dex+3}
 67470 | Zot:2    | Received a gift from Nemelex Xobeh
 67887 | Zot:3    | Noticed an orb of fire
 67894 | Zot:3    | Gained mutation: You sometimes lose the ability to read
                  | scrolls when taking damage. [an orb of fire]
 67906 | Zot:3    | Killed an orb of fire
 68019 | Zot:3    | Received a gift from Nemelex Xobeh
 68119 | Zot:3    | Received a gift from Nemelex Xobeh
 68438 | Zot:3    | Received a gift from Nemelex Xobeh
 68580 | Zot:4    | Noticed an ancient lich
 68846 | Zot:4    | Lost mutation: You have hidden genetic potential. [potion
                  | of mutation]
 68846 | Zot:4    | Lost mutation: You possess an exceptional clarity of mind.
                  | [potion of mutation]
 68846 | Zot:4    | Gained mutation: You sometimes lose your temper in combat.
                  | [potion of mutation]
 68846 | Zot:4    | Gained mutation: You have hidden genetic potential. [potion
                  | of mutation]
 68846 | Zot:4    | Gained mutation: You have a pair of small antennae on your
                  | head. [potion of mutation]
 68847 | Zot:4    | Lost mutation: You have a pair of small antennae on your
                  | head. [potion of mutation]
 68847 | Zot:4    | Lost mutation: You are occasionally teleported next to
                  | monsters. [potion of mutation]
 68847 | Zot:4    | Lost mutation: Your flesh is cold resistant. (rC+) [potion
                  | of mutation]
 68848 | Zot:4    | Lost mutation: You are agile. (Dex +4, Str/Int -1) [potion
                  | of mutation]
 68848 | Zot:4    | Lost mutation: You have hidden genetic potential. [potion
                  | of mutation]
 68848 | Zot:4    | Gained mutation: You have sharp toenails. [potion of
                  | mutation]
 68848 | Zot:4    | Gained mutation: You have supernaturally acute eyesight.
                  | (SInv) [potion of mutation]
 68854 | Zot:4    | Lost mutation: You have sharp toenails. [potion of
                  | mutation]
 68854 | Zot:4    | Lost mutation: You have supernaturally acute eyesight.
                  | (SInv) [potion of mutation]
 68854 | Zot:4    | Lost mutation: You passively dampen the noise of your
                  | surroundings. [potion of mutation]
 68854 | Zot:4    | Gained mutation: You have a somewhat thin skeletal
                  | structure. (Dex +2, Stealth+) [potion of mutation]
 68854 | Zot:4    | Gained mutation: You expend magic power (3 MP) to
                  | strengthen your wands. [potion of mutation]
 68855 | Zot:4    | Lost mutation: You sometimes lose the ability to read
                  | scrolls when taking damage. [potion of mutation]
 68855 | Zot:4    | Lost mutation: You expend magic power (3 MP) to strengthen
                  | your wands. [potion of mutation]
 68855 | Zot:4    | Gained mutation: Armour fits poorly on your strangely
                  | shaped body. [potion of mutation]
 68856 | Zot:4    | Lost mutation: Armour fits poorly on your strangely shaped
                  | body. [potion of mutation]
 68856 | Zot:4    | Lost mutation: You occasionally lose the ability to read
                  | scrolls when taking damage. [potion of mutation]
 68856 | Zot:4    | Lost mutation: You sometimes lose your temper in combat.
                  | [potion of mutation]
 68856 | Zot:4    | Gained mutation: Potions are less effective at restoring
                  | your health. [potion of mutation]
 68856 | Zot:4    | Gained mutation: You passively map a small area around you.
                  | [potion of mutation]
 69059 | Zot:4    | Received a gift from Nemelex Xobeh
 69207 | Zot:4    | Found a runed translucent door.
 69208 | Zot:4    | Noticed OlivierBoivin's ghost (veteran OnSh)
 69227 | Zot:4    | Noticed an ancient lich
 69234 | Zot:4    | Killed an ancient lich
 69243 | Zot:4    | Killed an ancient lich
 70265 | Zot:4    | Killed OlivierBoivin's ghost
 70321 | Zot:5    | Entered Level 5 of the Realm of Zot
 70324 | Zot:5    | Received a gift from Nemelex Xobeh
 70330 | Zot:5    | Noticed an orb of fire
 70335 | Zot:5    | Gained mutation: You occasionally shout uncontrollably at
                  | your foes. [an orb of fire]
 70339 | Zot:5    | Gained mutation: Your magical capacity is low. (-10% MP)
                  | [an orb of fire]
 70341 | Zot:5    | Killed an orb of fire
 70607 | Zot:5    | Noticed a dread lich
 70618 | Zot:5    | Killed a dread lich
 71069 | Zot:5    | Noticed an orb of fire
 71076 | Zot:5    | Gained mutation: You have sharp toenails. [an orb of fire]
 71093 | Zot:5    | Killed an orb of fire
 71108 | Zot:5    | Noticed an orb of fire
 71108 | Zot:5    | Lost mutation: You have sharp toenails. [an orb of fire]
 71109 | Zot:5    | Gained mutation: You frequently scream uncontrollably at
                  | your foes. [an orb of fire]
 71116 | Zot:5    | Gained mutation: You are clumsy. (Dex -2) [an orb of fire]
 71120 | Zot:5    | Gained mutation: Your body sometimes deteriorates upon
                  | taking damage. [an orb of fire]
 71129 | Zot:5    | Killed an orb of fire
 71135 | Zot:5    | Lost mutation: You have a somewhat thin skeletal structure.
                  | (Dex +2, Stealth+) [potion of mutation]
 71135 | Zot:5    | Lost mutation: Your body sometimes deteriorates upon taking
                  | damage. [potion of mutation]
 71135 | Zot:5    | Lost mutation: You passively map a small area around you.
                  | [potion of mutation]
 71135 | Zot:5    | Gained mutation: You occasionally lose the ability to drink
                  | potions when taking damage. [potion of mutation]
 71136 | Zot:5    | Lost mutation: You are clumsy. (Dex -2) [potion of
                  | mutation]
 71136 | Zot:5    | Lost mutation: You occasionally lose the ability to drink
                  | potions when taking damage. [potion of mutation]
 71136 | Zot:5    | Gained mutation: You do not regenerate when monsters are
                  | visible. [potion of mutation]
 71136 | Zot:5    | Gained mutation: You occasionally lose the ability to read
                  | scrolls when taking damage. [potion of mutation]
 71137 | Zot:5    | Lost mutation: You do not regenerate when monsters are
                  | visible. [potion of mutation]
 71137 | Zot:5    | Lost mutation: You occasionally lose the ability to read
                  | scrolls when taking damage. [potion of mutation]
 71137 | Zot:5    | Gained mutation: Your spells are a little harder to cast,
                  | but a little more powerful. [potion of mutation]
 71137 | Zot:5    | Gained mutation: You are robust. (+10% HP) [potion of
                  | mutation]
 71137 | Zot:5    | Gained mutation: You are very robust. (+20% HP) [potion of
                  | mutation]
 71252 | Zot:5    | Noticed an orb of fire
 71261 | Zot:5    | Noticed an orb of fire
 71273 | Zot:5    | Noticed an ancient lich
 71274 | Zot:5    | Identified the +3 demon trident of Friendship {venom, rN+
                  | Str+4}
 71277 | Zot:5    | Killed an orb of fire
 71284 | Zot:5    | Killed an orb of fire
 71291 | Zot:5    | Reached skill level 27 in Fighting
 71292 | Zot:5    | Killed an ancient lich
 71438 | Zot:5    | Identified the +1 scale mail of the Present {Rampage Str+2
                  | Slay-5}
 71810 | Zot:5    | Got the Orb of Zot
 72609 | D:$      | Escaped with the Orb!

Illustrated notes

Levels and vault maps discovered:
D:1:      dpeg_arrival_windows_large_door, layout_rooms,
          ebering_ecumenical_altar_rust, serial_bayou_crossing
D:2:      layout_basic, basic_altar, uniq_natasha, uniq_robin
D:3:      minmay_evil_eye, layout_basic, minivault_23, uniq_grinder,
          uniq_terence
D:4:      layout_rooms, lemuel_round_altar, mainiacjoe_overflow_tiny_flanked,
          lightli_temple_of_fire, gammafunk_temple_overflow_statue,
          mainiacjoe_sewer_entry_somewhere_in_here_2, minmay_manual_mail
D:5:      minmay_recursive_quarters, layout_basic,
          lemuel_zombie_altar_kikubaaqudgha, minmay_crossroads, uniq_edmund,
          uniq_eustachio
D:6:      layout_cave_pods, temple_doors_cd
D:7:      layout_loops_corners, marbit_many_paths, okawaru_altar_gauntlet_db
D:8:      minmay_slanted_spiral_squares, layout_loops_corners,
          chequers_temple_overflow_minitemple, enter_bailey_3, uniq_grum,
          uniq_pikel
D:9:      layout_layer_cave, mainiacjoe_overflow_24_doors,
          minmay_lair_entry_grove, kennysheep_orc_monster_closet_entryway,
          special_room [special_room_bee], uniq_erolcha
D:10:     layout_basic, st_stairs_14, kennysheep_windowed_goal, uniq_josephine
D:11:     layout_cave_pools
D:12:     layout_roguey, serial_shops, shop
D:13:     layout_gridville, hellmonk_vaults_attempted_burglary, serial_undead,
          serial_undead_d, serial_undead_d, serial_undead_d, serial_undead_d,
          serial_shops, shop
D:14:     wander_river, layout_layer_cave, minivault_27, uniq_frances
D:15:     gammafunk_depths_entry_grave, layout_irregular_city, serial_shops,
          bzr_in_the_mist, uniq_kirke
Lair:1:   layout_loops_ring
Lair:2:   layout_chaotic_city, minmay_snake_entry_guardpost_small,
          nicolae_volcano_entry_batcave, portal_ice_cave_demonic_guard,
          infiniplex_staircase_pool_2, uniq_urug, uniq_sonja, uniq_nergalle
Lair:3:   layout_small_grid, mainiacjoe_swamp_entry_angry_trees,
          grunt_megastairs_2, lemuel_fruit_tree
Lair:4:   layout_gridlike, ebering_ghost_disaster_area, grunt_megastairs_5,
          uniq_nessos
Lair:5:   wormcave, layout_regular_city, guppyfry_lair_end_dragon,
          slime_entry_1, hangedman_lair_generics_rect
Swamp:1:  layout_basic_swamp, evilmike_swamp_ruin_house_3
Swamp:2:  layout_basic_swamp, ebering_ghost_inner_flame, hangedman_swamp_lotus,
          swamp_pool_4, nicolae_swamp_small_spring, nzn_swamp_blast_mining
Swamp:3:  layout_basic_swamp, serial_swamp_ruin, evilmike_swamp_ruin_rubble_1,
          hangedman_swamp_ruin_wall, evilmike_swamp_ruin_house_5,
          infiniplex_staircase_pool
Swamp:4:  swamp_old_school, layout_basic_swamp, swamp_pool_5,
          nicolae_swamp_dense_foliage
Snake:1:  layout_misc_corridors
Snake:2:  kennysheep_six_static_rooms, layout_misc_corridors,
          grunt_ministairs_8, serial_library_regret_index_turning,
          uniq_saint_roka
Snake:3:  layout_grid_maze, nicolae_letterblocks [nicolae_letter_subblock,
          nicolae_letter_subblock, nicolae_letter_subblock,
          nicolae_letter_subblock, nicolae_letter_subblock,
          nicolae_letter_subblock, nicolae_letter_subblock,
          nicolae_letter_subblock, nicolae_letter_subblock,
          nicolae_letter_subblock, nicolae_letter_subblock,
          nicolae_letter_subblock, nicolae_letter_subblock,
          nicolae_letter_subblock, nicolae_letter_subblock,
          nicolae_letter_subblock, nicolae_letter_subblock,
          nicolae_letter_subblock, nicolae_letter_subblock,
          nicolae_letter_subblock, nicolae_letter_subblock,
          nicolae_letter_subblock, nicolae_letter_subblock,
          nicolae_letter_subblock, nicolae_letter_subblock]
Snake:4:  minmay_snake_end_coiled, layout_misc_corridors,
          serial_library_hellmonk_octagon
Slime:1:  layout_caves, nicolae_slime_phagocytosis
Slime:2:  layout_caves
Slime:3:  layout_caves
Slime:4:  cheibrodos_slime_lost_civilization_2, layout_caves
Slime:5:  slime_pit_nicolae_trefoil
Orc:1:    layout_caves
Orc:2:    kennysheep_orc_mage_school, layout_caves
Elf:1:    nicolae_elf_arrival_no_cutting_in_line, layout_loops_corners,
          serial_shops, shop, minmay_elf_demonology, lemuel_statue_altar
Elf:2:    elven_hall_of_blades_hangedman_original
          [nicolae_blade_entry_splitting_headache], layout_gridlike, uniq_azrael
Elf:3:    minmay_elf_hall_curves, layout_loops_cross, serial_shops,
          nicolae_shop_real_fake_doors
Vaults:1: gammafunk_ghost_cemetery, nicolae_vaults_surprise_closet,
          nicolae_vaults_double_plus_2, nicolae_vaults_trapezoid_4,
          kennysheep_ogre_elephant_herders,
          vaults_room_grunt_arrival_checkpoint, nicolae_vaults_tetromino_L_2,
          vaults_room_door_ring, nicolae_vaults_double_plus_1, v_misc_25,
          nicolae_vaults_sightless_eye, nicolae_vaults_windows_and_doors_thing,
          nicolae_vaults_gold_heap, ontoclasm_vaults_eye,
          layout_vaults_omnicross
Vaults:2: portal_desolation_entry_salt, minmay_crypt_entry_necro_gods,
          ontoclasm_vaults_fault, hangedman_vaults_river_flow,
          nicolae_vaults_two_Ls, nicolae_vaults_two_Ls,
          hangedman_vaults_stagger, hangedman_vaults_stretched_pinwheel,
          vaults_mumra_hexcomb, ontoclasm_vaults_ligature,
          nicolae_vaults_tetromino_L_2, hangedman_vaults_capsules,
          nicolae_vaults_variable_pillar_hall, vaults_dpeg_emergency_exit,
          layout_vaults_ring, serial_shops, nicolae_shop_tiny_glass
Vaults:3: st_quartered_hall, hangedman_vaults_corner,
          nicolae_vaults_tetromino_T_2, v_misc_17,
          nicolae_vaults_oval_intersection, v_misc_3,
          nicolae_vaults_shrinking_rooms_1, vaults_room_grid,
          dpeg_vaults_monster_row, hangedman_vaults_nodes,
          nicolae_vaults_little_squares_1, nicolae_vaults_big_ls,
          nicolae_vaults_trapezoid_2, layout_vaults_omnibox, serial_shops,
          nicolae_shop_window_shopping, nicolae_square_shop
Vaults:4: nicolae_vaults_what_the_h, nicolae_vaults_sesquioval_fish,
          nicolae_vaults_tetromino_L_2, hangedman_vaults_trim,
          vaults_room_semicircle, vaults_room_corners,
          nicolae_vaults_enemy_cabinets, ontoclasm_vaults_chip,
          layout_vaults_big_room, serial_shops, nicolae_shop_stone, uniq_zenata
Vaults:5: uniq_mennas
Crypt:1:  layout_rooms, grunt_crypt_arrival_webbed, grunt_megastairs_1
Crypt:2:  layout_gridlike, nicolae_crypt_diagonal_loculi,
          roderic_lattice_octagonal_star
Crypt:3:  church_of_pain_bobbens, layout_chaotic_city, gammafunk_ghost_split
Depths:1: layout_gridlike, abyss_entry_small_statue_room, minmay_misc_feat_five,
          grunt_mini_vestibule, nrook_loot_triangle, lemuel_nasty_fountain
Depths:2: minmay_the_grid_triangle_9x9_rhombus_full_mashed
          [minmay_the_grid_triangle_9x9_descending_squares,
          minmay_the_grid_triangle_9x9_steps,
          minmay_the_grid_triangle_9x9_subtriangle,
          minmay_the_grid_triangle_9x9_zippers_horizontal,
          minmay_the_grid_triangle_9x9_minimal,
          minmay_the_grid_triangle_9x9_skeleton,
          minmay_the_grid_triangle_9x9_longest,
          minmay_the_grid_triangle_9x9_prize_special], layout_basic,
          enter_ziggurat_f, grunt_pan_entry_zigzag, hangedman_coc_ice_floe,
          grunt_decor_arrowhead, infiniplex_staircase_zigzag_3, uniq_josephina
Depths:3: hellmonk_hyper_hexagons [hex_subvault_crossings,
          hex_subvault_big_grid, hex_subvault_roundabout,
          hex_subvault_one_slice, hex_subvault_narrow,
          hex_subvault_double_channel], pan_entry, abyss_entry, hell_entry,
          uniq_frederick
Depths:4: grunt_zot_entry_tricorne, layout_long_grid, hellmouth_1,
          minmay_misc_feat_rugged, abyss_entry, minmay_shoptagon
Hell
Zot:1:    layout_cathedral_of_symmetry, bh_zot_levy_curve
Zot:2:    layout_concentric_octagons, drop_trap, grunt_megastairs_4
Zot:3:    layout_onion, regret_index_zot_stipple_split,
          regret_index_zotdec_gossamer_gf, lemuel_elevator
Zot:4:    hellmonk_crystal_mountain, layout_basic, ebering_ghost_reflecting_pool
Zot:5:    layout_cathedral_of_symmetry, grunt_ministairs_11

Skill      XL: |  1  2  3  4  5  6  7  8  9 10 11 12 13 14 15 16 17 18 19 20 21 22 23 24 25 26 27 |
---------------+----------------------------------------------------------------------------------+-----
Fighting       | 4 5 6 8 10 12 14 15 17 18 19 20 21 22 23 24 25 27 | 27.0
Invocations    | 1 2 3 4 5 6 8 9 11 12 13 14 15 16 17 18 19 20 21 22 23 24 26 | 26.6
Axes           | 5 6 7 8 9 10 12 13 14 16 17 18 20 21 24 | 24.6
Shields        | 1 2 3 4 5 7 8 9 11 12 13 15 16 17 18 19 22 | 22.0
Evocations     | 1 2 4 5 6 8 9 10 11 12 13 14 15 16 17 18 19 21 | 21.0
Armour         | 2 5 7 8 10 11 12 14 15 16 17 18 19 20 22 | 22.3
Dodging        | 4 5 6 7 8 10 11 12 13 14 16 18 | 18.1
Translocations | 3 |  3.1
Spellcasting   | 2 |  2.8

Action                     |  1- 3 |  4- 6 |  7- 9 | 10-12 | 13-15 | 16-18 | 19-21 | 22-24 | 25-27 || total
---------------------------+-------+-------+-------+-------+-------+-------+-------+-------+-------++-------
  Melee: Hand axe          |    81 |   154 |   442 |    52 |       |       |       |       |       ||   729
         War axe           |       |       |       |   186 |       |       |       |       |       ||   186
         Broad axe         |       |       |       |   331 |   817 |   744 |  1408 |  1269 |  2515 ||  7084
  Throw: Throwing net      |       |       |     2 |       |       |       |       |       |       ||     2
 Invoke: Draw Destruction  |     3 |     7 |     8 |    18 |    29 |    42 |    36 |    45 |    56 ||   244
         Draw Summoning    |       |     2 |       |     2 |     6 |     8 |    11 |    10 |    21 ||    60
         Draw Escape       |       |       |     6 |     5 |     6 |    10 |    12 |    12 |    11 ||    62
         Draw Stack        |       |       |       |    15 |     5 |     6 |     9 |       |     5 ||    40
         Stack Five        |       |       |       |     4 |       |     2 |     1 |       |     3 ||    10
         Triple Draw       |       |       |       |     1 |       |       |       |     1 |     3 ||     5
         Deal Four         |       |       |       |       |       |       |     1 |       |     1 ||     2
Ability: Evoke Blink       |       |       |       |       |       |       |     6 |     9 |       ||    15
  Evoke: Wand              |       |       |    29 |    27 |     6 |     8 |    28 |    22 |    10 ||   130
         Phantom mirror    |       |       |       |       |       |     1 |     2 |     3 |     7 ||    13
         Lightning rod     |       |       |       |       |       |       |     4 |     2 |    10 ||    16
         Phial of floods   |       |       |       |       |       |       |       |     2 |     3 ||     5
         Sack of spiders   |       |       |       |       |       |       |       |       |     6 ||     6
         Condenser vane    |       |       |       |       |       |       |       |       |     6 ||     6
         Horn of Geryon    |       |       |       |       |       |       |       |       |     5 ||     5
    Use: Scroll            |       |     6 |     4 |    11 |     9 |    10 |     8 |    13 |    12 ||    73
         Potion            |       |       |     3 |     2 |     4 |     1 |     3 |     5 |    26 ||    44
   Stab: Distracted        |       |       |       |     1 |       |     2 |     2 |     3 |    13 ||    21
         Invisible         |       |       |       |     2 |       |       |     1 |       |     4 ||     7
         Petrified         |       |       |       |       |       |     6 |       |     8 |       ||    14
         Petrifying        |       |       |       |       |       |     1 |     1 |     1 |       ||     3
         Confused          |       |       |       |       |       |     1 |       |       |     3 ||     4
         Held in net/web   |       |       |       |       |       |       |       |       |     2 ||     2
 Armour: Ring mail         |    50 |    83 |       |       |       |       |       |       |       ||   133
         Chain mail        |       |    44 |   441 |   566 |   687 |   304 |       |       |       ||  2042
         Plate armour      |       |       |       |       |       |    93 |   876 |   330 |       ||  1299
         Gold dragon scale |       |       |       |       |       |       |       |   192 |  1149 ||  1341
  Dodge: Dodged            |    44 |    78 |   191 |   217 |   339 |   256 |   311 |   255 |   554 ||  2245
  Block: Buckler           |       |    24 |   122 |   172 |   250 |   169 |       |       |       ||   737
         Reflection        |       |       |       |       |       |    21 |    42 |   114 |    14 ||   191
         Tower shield      |       |       |       |       |       |   347 |  1002 |  1470 |  2480 ||  5299
         Kite shield       |       |       |       |       |       |    89 |   298 |       |       ||   387
